 Dungeon Crawl Stone Soup version 0.29-a0-557-g43b9904bd1 (webtiles) character file.

Game seed: 6328476278233358097

54 porpoise the Skirmisher (level 3, 0/43 HPs)
             Began as a Demonspawn Fighter on June 9, 2022.
             Frozen to death by an endoplasm (2 damage)
             ... on level 2 of the Dungeon.
             The game lasted 00:07:00 (1141 turns).

porpoise the Skirmisher (Demonspawn Fighter)        Turns: 1141, Time: 00:07:02

Health: 0/43       AC: 21    Str: 18    XL:     3   Next: 66%
Magic:  3/3        EV:  2    Int:  9    God:
Gold:   42         SH:  4    Dex: 12    Spells: 2/2 levels left

rFire   . . .      SeeInvis .   a - +0 trident
rCold   . . .      Faith    .   c - +0 buckler
rNeg    . . .      Spirit   .   (body armour currently unavailable)
rPois   +          Reflect  .   (helmet currently unavailable)
rElec   .          Harm     .   (cloak currently unavailable)
rCorr   .          Rampage  .   (gloves currently unavailable)
Will    .....      NoTele   +   (boots currently unavailable)
Stlth   +.........              (no amulet)
HPRegen 0.14/turn               i - ring of flight
MPRegen 0.08/turn               (no ring)

@: mighty, tree-form
A: stationary, stasis, torment immunity, boosted hp, (claws 1)
a: no special abilities


You were on level 2 of the Dungeon.
You were a tree.
You visited 1 branch of the dungeon, and saw 2 of its levels.

You collected 42 gold pieces.

Inventory:

Hand Weapons
 a - a +0 trident (weapon)
 b - a +0 hunting sling
Armour
 c - a +0 buckler (worn)
 j - a +0 scale mail (melded)
Jewellery
 i - a ring of flight (left branch)
Scrolls
 e - 2 scrolls of blinking {unknown}
 f - 5 scrolls of identify {unknown}
 h - a scroll of acquirement {unknown}
 l - a scroll of amnesia {unknown}
 m - a scroll of torment {unknown}
 n - a scroll of poison {unknown}
 o - a scroll of brand weapon {unknown}
Potions
 d - a potion of might


   Skills:
 + Level 3.4 Fighting
 * Level 2.9 Polearms
 - Level 2.6 Armour
 - Level 2.8 Shields
 + Level 1.0 Unarmed Combat


You had 2 spell levels left.
You didn't know any spells.
Your spell library was empty.

Dungeon Overview and Level Annotations

Branches:
Dungeon (2/15)

Altars:

Annotations:
D:2 Sigmund


Innate Abilities, Weirdness & Mutations

You are a tree.
Your roots penetrate the ground, keeping you stationary.
You cannot be teleported.
You are immune to unholy pain and torment.
Your maximum health is greatly increased.
Your equipment is partially melded.
((You have sharp fingernails.))


Message History

Something hits you!
* * * LOW HITPOINT WARNING * * *
The rat barely misses you.
It was a potion of magic.
Magic courses through your body.
A nearby plant withers and dies.
The endoplasm hits you but does no damage.
The rat bites you.
* * * LOW HITPOINT WARNING * * *
It was a potion of lignification.
You turn into a tree.
Your +0 scale mail melds into your body.
Your roots penetrate the ground.
Something hits you but does no damage.
The endoplasm hits you but does no damage.
The rat bites you but does no damage.
Okay, then.
You cannot move. (Use ctrl+direction or * direction to attack while stationary and confused.)
You cannot move. (Use ctrl+direction or * direction to attack while stationary and confused.)
You cannot move. (Use ctrl+direction or * direction to attack while stationary and confused.)
You cannot move. (Use ctrl+direction or * direction to attack while stationary and confused.)
You nearly hit yourself!
The endoplasm hits you but does no damage.
Something hits you.
* * * LOW HITPOINT WARNING * * *
The rat bites you but does no damage.
You swing at nothing.
You feel less confused. The endoplasm freezes you.
You are frozen.
* * * LOW HITPOINT WARNING * * *
The rat bites you but does no damage. Something hits you but does no damage.
You swing at nothing.
The endoplasm hits you but does no damage.
The hobgoblin hits you but does no damage.
The rat bites you but does no damage.
Reach: a) +0 trident
Press: ? - help, Dir - move target The endoplasm is in the way.
You barely miss the endoplasm. You block something's attack.
The endoplasm freezes you.
You are frozen.
You die...

.#<.........#
............# .#
.#..........######...#..
.#...................#.#
.##........###.###.....
............##..# ..#
##..........###.##...#
#..........# #..#..####
#..........# #.♣r......
............. #(Jg......
#..........#...{...#####
###.....# #$....#
#.....# #.....# #.....#
##....#


You could see an endoplasm, a hobgoblin and a rat.

Vanquished Creatures
  An adder (D:1)
  A gnoll (D:1)
  3 ball pythons
  2 bats (D:1)
  6 endoplasms
  2 giant cockroaches (D:1)
  5 goblins (D:1)
  4 hobgoblins
  3 frilled lizards
  2 kobolds
  2 rats (D:1)
31 creatures vanquished.

Vanquished Creatures (others)
  A fungus (D:2)
  6 plants (D:2)
7 creatures vanquished.

Grand Total: 38 creatures vanquished

Notes
Turn   | Place    | Note
-------+----------+-------------------------------------------
     0 | D:1      | porpoise the Demonspawn Fighter began the quest for the
                  | Orb.
     0 | D:1      | Reached XP level 1. HP: 18/18 MP: 1/1
   188 | D:1      | Discovered your monstrous ancestry.
   188 | D:1      | Gained mutation: You have sharp fingernails. [demonic
                  | ancestry]
   188 | D:1      | Reached XP level 2. HP: 23/24 MP: 2/2
   685 | D:1      | Reached XP level 3. HP: 29/29 MP: 3/3
  1062 | D:2      | Reached skill level 1 in Unarmed Combat
  1122 | D:2      | Noticed Sigmund
  1139 | D:2      | HP: 2/43 [frozen (4)]
  1141 | D:2      | Frozen to death by an endoplasm

Illustrated notes

Levels and vault maps discovered:
D:1:      minmay_arrival_three_doors, layout_basic
D:2:      layout_rooms, shapermc_ecumenical_altar_mp_urbaneastern, uniq_sigmund

Skill      XL: |  1  2  3 |
---------------+----------+-----
Polearms       | 2 |  2.9
Unarmed Combat | 1 |  1.0
Fighting       | |  3.4
Armour         | |  2.6
Shields        | |  2.8

Action                   || total
-------------------------++-------
Melee: Trident           ||    85
 Fire: Hunting sling     ||    18
  Use: Potion            ||     3
Armor: Scale mail        ||    34
       Skin              ||    10
Dodge: Dodged            ||    31
Block: Buckler           ||    15

Table legend: (Time is in decaauts)
 A = Elapsed time spent in this place.
 B = Non-inter-level travel time spent in this place.
 C = Inter-level travel time spent in this place.
 D = Time resting spent in this place.
 E = Time spent auto-exploring this place.
 F = Levels seen in this place.
 G = Mean time per level.
                   A        B        C        D        E       F      G
               +--------+--------+--------+--------+--------+-----+--------+
         Total |   1164 |   1157 |      7 |    251 |    587 |   2 |  582.0 |
       Dungeon |   1164 |   1157 |      7 |    251 |    587 |   2 |  582.0 |
               +--------+--------+--------+--------+--------+-----+--------+

Top non-repeatable levels by time:
     D:1: 1017 daAuts
     D:2: 146 daAuts
